 Dungeon Crawl Stone Soup version 0.30-a0-859-gf88a04b62d (webtiles) character file.

Game seed: 38971070083357255

188 Dittersdorf the Covered (level 5, -3/34 HPs)
             Began as a Gargoyle Fighter on Mar 6, 2023.
             Killed from afar by Robin (9 damage)
             ... with a bolt of dispelling energy
             ... on level 4 of the Dungeon.
             The game lasted 00:03:27 (2175 turns).

Dittersdorf the Covered (Gargoyle Fighter)          Turns: 2175, Time: 00:03:28

Health: -3/34      AC: 16    Str: 21    XL:     5   Next: 67%
Magic:  5/5        EV:  6    Int:  9    God:
Gold:   138        SH:  9    Dex: 15    Spells: 4/4 levels left

rFire   . . .      SeeInvis +    a - +0 flail
rCold   . . .      Faith    .    j - +0 kite shield
rNeg    + . .      Spirit   .    v - +0 chain mail
rPois   ∞          Reflect  .    (no helmet)
rElec   +          Rampage  .    (no cloak)
rCorr   .                        p - +2 pair of gloves
Will    .....                    (no boots) Stlth
                                 (no amulet)
HPRegen 0.25/turn                g - +6 ring of dexterity
MPRegen 0.09/turn                s - ring of see invisible

@: no status effects
A: sickness immunity, AC +4, negative energy resistance 1, electricity
resistance, torment resistance 1, petrification resistance
a: no special abilities


You were on level 4 of the Dungeon.
You visited 1 branch of the dungeon, and saw 4 of its levels.

You collected 138 gold pieces.

Inventory:

Hand Weapons
 a - a +0 flail (weapon)
Armour
 j - a +0 kite shield (worn)
 o - a +0 plate armour
 p - a +2 pair of gloves (worn)
 v - a +0 chain mail (worn)
Jewellery
 g - a +6 ring of dexterity (left hand)
 q - a ring of protection from cold
 s - a ring of see invisible (right hand)
Scrolls
 f - a scroll of fog {unknown}
 i - a scroll of blinking {unknown}
 k - a scroll of immolation {unknown}
 n - 3 scrolls of identify {unknown}
 t - 2 scrolls of teleportation {unknown}
 w - a scroll of brand weapon {unknown}
Potions
 b - a potion of lignification {unknown}
 c - 2 potions of mutation {unknown}
 d - a potion of might
 e - a potion of attraction {unknown}
 h - 3 potions of cancellation {unknown}
 l - 4 potions of invisibility {unknown}
 m - 3 potions of curing {unknown}
 r - a potion of brilliance {unknown}
 u - a potion of magic {unknown}


   Skills:
 + Level 4.4 Fighting
 + Level 3.2 Maces & Flails
 + Level 4.4 Armour
 + Level 4.4 Shields


You had 4 spell levels left.
You didn't know any spells.
Your spell library contained the following spells:

 Spells                   Type           Power      Damage    Failure   Level
 Magic Dart               Conj           0%         1d3       100%        1
 Sting                    Tmut/Pois      0%         1d3       100%        1
 Call Imp                 Summ           0%         N/A       100%        2
 Poisonous Vapours        Pois/Air       0%         N/A       100%        2
 Ignite Poison            Fire/Tmut/Pois 0%         N/A       100%        3
 Kindle Blastsparks       Fire/Tloc/Air  0%         2d10      100%        3
 Mephitic Cloud           Conj/Pois/Air  0%         N/A       100%        3
 Portal Projectile        Hex/Tloc       0%         N/A       100%        3
 Tukima's Dance           Hex            0%         N/A       100%        3
 Olgreb's Toxic Radiance  Pois           0%         N/A       100%        4
 Blade Hands              Tmut           0%         N/A       100%        5
 Freezing Cloud           Conj/Ice/Air   0%         6-21      100%        5
 Cigotuvi's Dreadful Rot  Necr/Pois/Air  Unusable   N/A       N/A         2

Dungeon Overview and Level Annotations

Branches:
Dungeon (4/15)
 Temple: D:4-7

Altars:
Cheibriados
Wu Jian
Zin

Shops:
D:3 *

Annotations:
D:3 2 runed translucent doors, cforsyth's ghost, novice KoBr
D:4 Robin


Innate Abilities, Weirdness & Mutations

You are immune to sickness and miasma.
Your stone body is resilient. (AC +4)
You are immune to poison.
You resist negative energy. (rN+)
You are resistant to electric shocks. (rElec)
You are resistant to unholy torment.
You are immune to petrification.


Message History

The hobgoblin goes into a battle-frenzy!
You block the goblin's attack. The adder bites you but does no damage.
The goblin hits you but does no damage. The adder attacks as you move away!
The adder bites you but does no damage. The goblin hits you but does no damage.
You see here a +0 club.
The adder attacks as you move away! You block the adder's attack.
The adder bites you.
* * * LOW HITPOINT WARNING * * *
The goblin hits you but does no damage. The goblin attacks as you move away!
The goblin hits you but does no damage.
The goblin no longer looks unusually strong.
The adder attacks as you move away! You block the adder's attack.
You miss the adder.
The adder is lightly wounded.
The adder bites you but does no damage. The adder barely misses you.
Robin roars a battlecry!
The goblin goes into a battle-frenzy!
You sock the adder!
The adder is almost dead.
The adder closely misses you. The goblin hits you but does no damage.
The adder bites you but does no damage.
You hit the adder.
You kill the adder!
The goblin barely misses you. You block the hobgoblin's attack.
The goblin hits you but does no damage. Robin throws the goblin at you!
You hit the goblin.
The goblin is heavily wounded.
The hobgoblin hits you but does no damage.
The goblin closely misses you.
You hit the goblin.
You kill the goblin!
The hobgoblin hits you but does no damage.
You block Robin's attack. Robin barely misses you. The hobgoblin hits you.
* * * LOW HITPOINT WARNING * * *
You sock the hobgoblin!
You kill the hobgoblin!
You block Robin's attack.
Robin zaps a wand.
The bolt of dispelling energy hits you!
You die...

)## ##...#
..###...# .......#
......## ##....#
##...### #######
#.....#####.....##
##....).....)....##
#........####@g..#
##...##### ##...#
##### ##)..#
######## ...#
##......### ..##
###.......... ..#
#............ ###
......#######
.....##


You could see Robin.

Vanquished Creatures
  A scorpion (D:3)
  2 orc wizards
  An adder (D:4)
  A worm (D:3)
  A dart slug (D:1)
  6 orcs
  9 ball pythons
  2 bats (D:3)
  5 endoplasms
  2 giant cockroaches
  8 hobgoblins
  2 jackals (D:3)
  A kobold (D:1)
  3 quokkas
  2 frilled lizards
  9 goblins
  4 rats
59 creatures vanquished.

Notes
Turn   | Place    | Note
-------+----------+-------------------------------------------
     0 | D:1      | Dittersdorf the Gargoyle Fighter began the quest for the
                  | Orb.
     0 | D:1      | Reached XP level 1. HP: 14/14 MP: 1/1
   150 | D:1      | Reached XP level 2. HP: 19/19 MP: 2/2
   819 | D:2      | Reached XP level 3. HP: 19/23 MP: 3/3
  1118 | D:3      | Noticed a scorpion
  1124 | D:3      | Killed a scorpion
  1125 | D:3      | Reached XP level 4. HP: 21/29 MP: 4/4
  1159 | D:3      | Found a snail-covered altar of Cheibriados.
  1176 | D:3      | Reached XP level 5. HP: 33/33 MP: 5/5
  1519 | D:3      | Found a runed translucent door.
  1521 | D:3      | Noticed cforsyth's ghost (novice KoBr)
  1604 | D:3      | Found Zin's Purification Station.
  1609 | D:3      | Found a glowing silver altar of Zin.
  1627 | D:3      | Found an ornate altar of the Wu Jian Council.
  1761 | D:3      | Found a runed translucent door.
  2122 | D:4      | Noticed Robin
  2175 | D:4      | Killed from afar by Robin

Illustrated notes

Levels and vault maps discovered:
D:1:      minmay_arrival_diagonal_passages, layout_basic, minmay_hexomino_p4
D:2:      layout_basic, serial_park_tiny_pond
D:3:      layout_loops_ring, zin_purify, cheibriados_altar_1,
          nicolae_wu_jian_wuxing_cycle, ebering_ghost_sewer_f,
          lemuel_flame_loot_1
D:4:      layout_layer_cave, lemuel_round_altar, minmay_misc_feat_hallway,
          uniq_natasha, uniq_robin

Skill      XL: |  1  2  3  4 |
---------------+-------------+-----
Fighting       | 4 |  4.4
Armour         | 4 |  4.4
Shields        | 4 |  4.4
Maces & Flails | 3 |  3.2

Action                     |  1- 3 |  4- 6 || total
---------------------------+-------+-------++-------
  Melee: Flail             |    81 |    85 ||   166
 Armour: Scale mail        |    45 |     9 ||    54
         Chain mail        |       |   103 ||   103
  Dodge: Dodged            |    44 |    41 ||    85
  Block: Buckler           |    13 |       ||    13
         Kite shield       |    42 |    64 ||   106

Table legend: (Time is in decaauts)
 A = Elapsed time spent in this place.
 B = Non-inter-level travel time spent in this place.
 C = Inter-level travel time spent in this place.
 D = Time resting spent in this place.
 E = Time spent auto-exploring this place.
 F = Levels seen in this place.
 G = Mean time per level.
                   A        B        C        D        E       F      G
               +--------+--------+--------+--------+--------+-----+--------+
         Total |   2244 |   2151 |     93 |      8 |   1638 |   4 |  561.0 |
       Dungeon |   2244 |   2151 |     93 |      8 |   1638 |   4 |  561.0 |
               +--------+--------+--------+--------+--------+-----+--------+

Top non-repeatable levels by time:
     D:3: 976 daAuts
     D:2: 564 daAuts
     D:1: 554 daAuts
     D:4: 148 daAuts
